[Event "*** Titled Tuesday Blitz"]
[Site "Chess.com"]
[Date "2020.11.03"]
[Round "4"]
[White "BanjoKazooieN64"]
[Black "arminmusovic"]
[Result "1-0"]
[WhiteElo "2384"]
[BlackElo "2565"]
[TimeControl "180+1"]
[EndTime "10:42:41 PST"]
[Termination "BanjoKazooieN64 won by checkmate"]

1. e4 c6 2. Nc3 d5 3. Nf3 dxe4 4. Nxe4 Nf6 5. Qe2 Nxe4 6. Qxe4 Qd5 7. Qh4 Qe6+ 8. Be2 Qg6 9. O-O Qxc2 10. Bc4 Qg6 11. Ne5 Qf6 12. Qxf6 gxf6 13. Nxf7 Rg8 14. Nd6+ exd6 15.
Bxg8 Bf5 16. Re1+ Kd8 17. d4 Na6 18. a3 Nc7 19. Bf4 Kd7 20. Bf7 Bg6 21. Bb3 d5 22.
Bxc7 Kxc7 23. Re6 f5 24. Rae1 Kb6 25. Bc2 Bg7 26. Rd1 Rf8 27. Re7 Bf6 28. Re6 Kc7 29.
h3 Kd7 30. Re2 Kd6 31. g4 Rg8 32. Bxf5 Bxf5 33. f3 Bd7 34. Kg2 h5 35. Kg3 h4+ 36. Kg2 Bg5 37. Re5 Bf4 38. Rh5 Bg3 39. Rh6+ Kc7 40.
Rf6 Re8 41. f4 Re2+ 42. Kf3 Rxb2 43. Rd3 Rf2+ 44. Ke3 Rh2 45. f5 Rxh3 46. g5 Bf4+ 47. Kxf4 Rxd3 48. g6 h3 49. g7 h2 50. Rh6 Rxd4+ 51. Kg5 Rd2 52. Kf6 Rg2 53. Rxh2 Rxh2 54. g8=Q Rf2 55. Ke7 Rxf5 56. Qd8# 1-0

[Event "*** Titled Tuesday Blitz"]
[Site "Chess.com"]
[Date "2020.11.03"]
[Round "4"]
[White "IngOscarArdila"]
[Black "Trickov"]
[Result "0-1"]
[WhiteElo "2114"]
[BlackElo "2313"]
[TimeControl "180+1"]
[EndTime "10:42:42 PST"]
[Termination "Trickov won by checkmate"]

1. d4 d5 2. c4 c6 3. cxd5 cxd5 4.
Nc3 Nf6 5. Bf4 Nc6 6. e3 a6 7. Nf3 Bg4 8. Be2 e6 9. Qb3 Bb4 10. a3 Bxc3+ 11. bxc3 Na5 12. Qb4 Rc8 13. Rb1 Ne4 14.
Rc1 Bxf3 15. gxf3 Nf6 16. Rg1 Nh5 17. Be5 f6 18. Bg3 Kf7 19. e4 Nxg3 20. Rxg3 Re8 21.
Kf1 Re7 22. e5 f5 23. f4 Nc4 24. Bxc4 Rxc4 25. Qb3 Rec7 26. Rb1 Qh4 27. Kg2 Qxf4 28.
Qd1 g6 29. Rf3 Qe4 30. Kg1 b5 31. Re3 Qg4+ 32. Qxg4 fxg4 33. Kg2 Rxc3 34. Rxc3 Rxc3 35.
Ra1 Rc4 36. Kg3 Rxd4 37. Rc1 Rc4 38. Rb1 h5 39. h3 gxh3 40. Kxh3 Kg7 41. f3 g5 42. Kg3 Kg6 43. Rh1 Ra4 44. Rc1 Rxa3 45.
Rc6 Kf5 46. Rc8 g4 47. Rf8+ Kxe5 48. Rh8 Rxf3+ 49. Kg2 Rh3 50. Ra8 Ra3 51. Rh8 Kf4 52. Rxh5 Ra2+ 53. Kf1 e5 54. Rh8 d4 55. Ke1 Ke3 56.
Rf8 Ra1# 0-1

[Event "*** Titled Tuesday Blitz"]
[Site "Chess.com"]
[Date "2020.11.03"]
[Round "4"]
[White "ljuks68"]
[Black "Caracternin123"]
[Result "0-1"]
[WhiteElo "2363"]
[BlackElo "2601"]
[TimeControl "180+1"]
[EndTime "10:42:43 PST"]
[Termination "Caracternin123 won on time"]

1. e4 Nf6 2. e5 Nd5 3. c4 Nb6 4. d4 d6 5. f4 g5 6. exd6 Qxd6 7. fxg5 Bg7 8. Nf3 Bg4 9. c5 Qe6+ 10. Qe2 Nd5 11. Qxe6 fxe6 12. Ne5 Bxe5 13. dxe5 Nd7 14. h3 Bf5 15. Be2 Nxc5 16. Bh5+ Kf8 17. O-O Kg7 18. Nc3 Rad8 19. Nxd5 Rxd5 20. Bf3 Be4 21. Be3 Bxf3 22. Rxf3 Nd3 23. Raf1 Nxe5 24. Rf4 Re8 25. Bd4 Kg8 26. h4 Ng6 27. Re4 Rf8 28. Rfe1 Rf4 29. g3 Rxe4 30. Rxe4 e5 31. Bc3 Kf7 32. Kg2 Ke6 33.
h5 Nh8 34. g4 Nf7 35. g6 hxg6 36. hxg6 Ng5 37. g7 Kf7 38. Rxe5 Rxe5 39. Bxe5 c6 40. Kg3 Ne6 41. Kf3 Nxg7 42. Bxg7 Kxg7 43. Ke4 Kf6 44. Kf4 c5 45. g5+ Kg6 46. Ke5 Kxg5 47. Ke6 Kf4 48. Kxe7 Ke5 49. Kd7 Kd5 50. Kc7 b5 51. a3 Kc4 0-1

[Event "*** Titled Tuesday Blitz"]
[Site "Chess.com"]
[Date "2020.11.03"]
[Round "4"]
[White "S2PAc"]
[Black "Mikhail_Golubev"]
[Result "1-0"]
[WhiteElo "2858"]
[BlackElo "2551"]
[TimeControl "180+1"]
[EndTime "10:42:44 PST"]
[Termination "S2PAc won on time"]

1. d4 Nf6 2. g3 c5 3. d5 e6 4.
c4 exd5 5. cxd5 d6 6. Nc3 g6 7. Bg2 Bg7 8. Nf3 O-O 9. O-O Re8 10. Bf4 a6 11. a4 h6 12. Qc1 Kh7 13. Re1 Bf5 14. h3 Ne4 15. Nd2 Nxc3 16. bxc3 g5 17. Be3 Nd7 18. Nc4 Qf6 19. Bd2 Qg6 20. Ne3 Be4 21.
f3 Nf6 22. fxe4 Nxe4 23. g4 Ng3 24. Qb1 Qxb1 25. Raxb1 b5 26. Kf2 Ne4+ 27. Bxe4+ Rxe4 28. axb5 axb5 29. Nf5 Ra2 30. Nxg7 Rxd2 31. Nf5 Rxd5 32.
Rxb5 h5 33. Rg1 h4 34. Rb2 Rf4+ 35. Ke1 Re5 36. Rd2 Rc4 37. Nxd6 Rxc3 38. Nxf7 Re7 39.
Nxg5+ Kg6 40. Nf3 Rxf3 41. Rd6+ Rf6 42. Rxf6+ Kxf6 43. Rf1+ Ke5 44. Rf5+ Kd4 45. Rh5 c4 46. Rxh4 c3 47. Rh8 Ke3 48. Rc8 Kd4 49. Kd1 Rh7 50.
Kc2 1-0

[Event "*** Titled Tuesday Blitz"]
[Site "Chess.com"]
[Date "2020.11.03"]
[Round "4"]
[White "TigrVShlyape"]
[Black "Gloomy_Wanderer"]
[Result "1/2-1/2"]
[WhiteElo "2897"]
[BlackElo "2700"]
[TimeControl "180+1"]
[EndTime "10:42:45 PST"]
[Termination "Game drawn by repetition"]

1. d4 Nf6 2. Nf3 e6 3. Bf4 b6 4.
e3 Be7 5. h3 O-O 6. Nbd2 c5 7.
a4 cxd4 8. exd4 Ba6 9. Bxa6 Nxa6 10. O-O d6 11. Qe2 Nc7 12. c4 h6 13. b3 Qd7 14.
Rfd1 Rfc8 15. Nf1 d5 16. Ne5 Qe8 17. Ng3 Bd6 18. Qf3 Qe7 19. Rac1 Nce8 20. Nf1 Qb7 21. Ne3 Rab8 22. Bg3 dxc4 23. Qxb7 Rxb7 24. bxc4 Ne4 25. Bh2 f6 26. Nd3 Bxh2+ 27. Kxh2 Kf7 28. f3 Ng5 29. h4 Nh7 30. Rb1 Rd7 31. d5 e5 32. a5 Nd6 33. axb6 axb6 34. Rdc1 Rb7 35. Rb4 Nf8 36. Rcb1 Nd7 37. g4 Rbc7 38. Nb2 Ra8 39. Na4 Rac8 40. Nxb6 Nxb6 41. Rxb6 Nxc4 42. Nxc4 Rxc4 43.
Rb7+ R4c7 44. d6 Rxb7 45. Rxb7+ Kf8 46. Rd7 Rc3 47. Kg2 Rd3 48. h5 Rd4 49. Kf2 Kg8 50. Ke3 Kf8 51. Rd8+ Kf7 52. Rd7+ Kf8 53. Rd8+ Kf7 54.
Rd7+ Kf8 1/2-1/2

[Event "*** Titled Tuesday Blitz"]
[Site "Chess.com"]
[Date "2020.11.03"]
[Round "4"]
[White "Sebastian"]
[Black "FMJoseHerrera"]
[Result "1-0"]
[WhiteElo "2888"]
[BlackElo "2564"]
[TimeControl "180+1"]
[EndTime "10:42:45 PST"]
[Termination "Sebastian won by resignation"]

1. Nf3 Nf6 2. c4 g6 3. Nc3 Bg7 4. e4 d6 5. d4 O-O 6. Be2 c5 7. O-O cxd4 8. Nxd4 Nc6 9. Be3 Be6 10. Rc1 Rc8 11.
b3 Nd7 12. f4 Nxd4 13. Bxd4 Bxd4+ 14. Qxd4 Qb6 15. Qxb6 Nxb6 16. Rfd1 a6 17. Bf3 Rc5 18. Kf2 a5 19. Ke3 a4 20. Be2 Ra8 21. Nb5 axb3 22. axb3 Ra2 23. Ra1 Rb2 24. Rdb1 Rxb1 25. Rxb1 f5 26.
Nc3 fxe4 27. Ra1 d5 28. Kd4 Rc8 29. c5 Nd7 30. b4 Nb8 31. b5 Nd7 32. Na4 Kf7 33.
Bd1 h6 34. Bb3 Rd8 35. c6 bxc6 36. bxc6 Nf8 37. Rc1 Rb8 38. Rc3 Rb4+ 39. Kc5 Rb8 40. c7 Rc8 41. Kd4 Nd7 42. Bxd5 Nf6 43. Bxe6+ Kxe6 44. Nb6 Rxc7 45. Rxc7 Kf5 46. Rc6 Ng4 47. g3 e3 48. Kd3 e5 49. Ke2 g5 50. fxe5 Nxe5 51. Rc5 Ke4 52. Rxe5+ Kxe5 53. Kxe3 Kf5 54. Kf3 g4+ 55. Ke3 h5 56. Nc4 h4 57. Kd4 hxg3 58.
hxg3 Kg5 59. Ke5 1-0

[Event "*** Titled Tuesday Blitz"]
[Site "Chess.com"]
[Date "2020.11.03"]
[Round "4"]
[White "LimeInTheCoconut"]
[Black "Rakhimzhan_Alen"]
[Result "1-0"]
[WhiteElo "2441"]
[BlackElo "2614"]
[TimeControl "180+1"]
[EndTime "10:42:45 PST"]
[Termination "LimeInTheCoconut won by resignation"]

1. d4 Nf6 2. c4 e6 3. Nc3 Bb4 4. Bd2 O-O 5. Nf3 d5 6. e3 c6 7.
a3 Ba5 8. cxd5 exd5 9. Be2 Bf5 10. O-O Nbd7 11. b4 Bc7 12. Rc1 a6 13. Na4 Ne4 14. Nc5 b6 15. Nxa6 c5 16. Nxc7 Qxc7 17. dxc5 bxc5 18. bxc5 Ndxc5 19. Bb4 Rfd8 20. Qd4 Rac8 21.
Nd2 Nxd2 22. Qxd2 Qb6 23. Ba5 Qd6 24. Bxd8 Rxd8 25. Qb4 Ne4 26. Qxd6 Nxd6 27. a4 Ra8 28. Ra1 Ra5 29. Rfc1 g6 30. h3 Be6 31. Rc6 Nc4 32. Bxc4 dxc4 33. e4 Kf8 34. f3 Ke7 35. Kf2 Kd7 36. Rb6 Kc7 37. Rb5 Ra8 38. a5 Kc6 39. Rb2 Kc5 40. a6 c3 41. Rc2 Kc4 42. Ra3 Kb4 43.
Rcxc3 Bc4 44. Ke3 Bxa6 45. Rcb3+ Kc5 46. Rb1 Kc6 47. Rba1 Kb6 48. Kf4 Ra7 49. Rxa6+ Rxa6 50. Rxa6+ Kxa6 51. Ke5 Kb6 52. Kf6 Kc5 53. Kxf7 Kd4 54. Kg7 Ke3 55. Kxh7 g5 56. Kg6 Kf2 57. Kxg5 Kxg2 58.
f4 1-0

[Event "*** Titled Tuesday Blitz"]
[Site "Chess.com"]
[Date "2020.11.03"]
[Round "4"]
[White "Firouzja2003"]
[Black "Onischuk_V"]
[Result "0-1"]
[WhiteElo "3055"]
[BlackElo "2837"]
[TimeControl "180+1"]
[EndTime "10:42:46 PST"]
[Termination "Onischuk_V won on time"]

1. g3 g6 2. Bg2 Bg7 3. e3 d6 4. Ne2 Nf6 5. O-O O-O 6. d4 e5 7.
c4 Re8 8. Nbc3 e4 9. h3 h5 10. Nf4 Bf5 11. f3 exf3 12. Qxf3 Nc6 13. Nxh5 Nxh5 14. g4 Bd3 15. Rd1 Nf4 16. Qxf4 Bxc4 17. Bd2 Nb4 18. b3 Ba6 19. a3 Nd3 20. Qf3 c5 21. dxc5 dxc5 22. Nd5 Ne5 23. Qg3 Be2 24. Re1 Nd3 25. Rxe2 Bxa1 26. e4 Bd4+ 27. Kh1 Ne5 28. Re1 Nd7 29. Rf1 Nb6 30. Qf3 Rf8 31. Bh6 Nxd5 32.
Bxf8 Qxf8 33. exd5 Rd8 34. a4 Kg7 35. Qf4 Rd7 36.
g5 Qd6 37. Qg4 Re7 38. Qh4 Qe5 39. Qg4 Qd6 40. b4 b6 41. bxc5 bxc5 42. Qf3 Be5 43.
h4 c4 44. h5 gxh5 45. Qxh5 c3 46. Be4 Kf8 47. g6 Bg7 48. Qf5 Qe5 49. Qc8+ Re8 50.
Rxf7+ Kg8 51. Rxg7+ Kxg7 52. Qd7+ Re7 0-1

[Event "*** Titled Tuesday Blitz"]
[Site "Chess.com"]
[Date "2020.11.03"]
[Round "4"]
[White "AldokhinIvan"]
[Black "Kaua18"]
[Result "1-0"]
[WhiteElo "2589"]
[BlackElo "2317"]
[TimeControl "180+1"]
[EndTime "10:42:46 PST"]
[Termination "AldokhinIvan won by resignation"]

1. e4 c5 2. Nf3 Nc6 3. d4 cxd4 4.
Nxd4 Nf6 5. Nc3 e5 6. Nxc6 bxc6 7. Bc4 Bb4 8. Bg5 d6 9. O-O h6 10. Be3 Bxc3 11. bxc3 Nxe4 12. f4 d5 13. fxe5 dxc4 14. Qf3 Be6 15. Qxe4 O-O 16. Rad1 Bd5 17. Qg4 Kh7 18. Rf6 Qc8 19. Qh4 Rh8 20. Rxd5 cxd5 21. Rxf7 Qe6 22. Re7 Qg6 23. e6 Rab8 24. h3 Rb1+ 25.
Kh2 Rg8 26. Bd4 Rc1 27. Qg4 Rxc2 28. Rxa7 Qxg4 29. hxg4 Re2 30. e7 Re8 31. Bc5 Kg6 32.
Ra6+ Kf7 33. Kg3 Re5 34. Kf4 Re4+ 35. Kf3 Re6 36. Ra7 Rc6 37. Bb4 Re6 38. Kf4 Re4+ 39. Kf3 Re1 40. a4 Rb1 41. a5 d4 42. Ke4 dxc3 43.
Bxc3 Rxe7+ 44. Rxe7+ Kxe7 45. Bxg7 Ra1 46. Bc3 Ra3 47. Bb4+ Ke6 48. Bxa3 c3 49. a6 1-0

[Event "*** Titled Tuesday Blitz"]
[Site "Chess.com"]
[Date "2020.11.03"]
[Round "4"]
[White "RobPeresian"]
[Black "Sofiia_Hryzlova"]
[Result "1-0"]
[WhiteElo "2461"]
[BlackElo "2299"]
[TimeControl "180+1"]
[EndTime "10:42:46 PST"]
[Termination "RobPeresian won by checkmate"]

1. Nf3 d5 2. d4 Nf6 3. c4 c6 4. Nc3 e6 5. Bg5 Nbd7 6. e3 h6 7. Bh4 g5 8. Bg3 Nh5 9. Be5 f6 10. Nd2 Ng7 11. Bg3 Bb4 12. Bd3 f5 13. h4 g4 14. Qc2 Nf6 15. Be5 Be7 16. c5 Kf7 17. g3 Qd7 18. O-O b5 19. b4 Bb7 20. a4 a6 21. Ra2 Nfe8 22. Rfa1 Nc7 23. Ne2 Rhc8 24.
Nf4 Nce8 25. f3 h5 26. fxg4 hxg4 27. Rf1 Nf6 28. Nb3 Rh8 29. Nc1 Ngh5 30. Nxh5 Rxh5 31. Ne2 Rah8 32. axb5 cxb5 33. Nf4 Qc6 34. Nxh5 Rxh5 35.
Qd1 Bc8 36. Raf2 Kg7 37. Rf4 Bd8 38. Rxg4+ Kf7 39. Rg5 Rh7 40. g4 Ne4 41. gxf5 Bxg5 42. fxe6+ Ke7 43. Bxe4 dxe4 44. hxg5 Bxe6 45. Qe2 Qd5 46.
Qf2 Kd7 47. Qf8 Rf7 48. Rxf7+ Bxf7 49. Qb8 Qe6 50. Qb7+ Ke8 51. Qa8+ Ke7 52. Bf6+ Kd7 53. Qb7+ Ke8 54. Qb8+ Kd7 55. Qd8+ Kc6 56. d5+ Qxd5 57. Qc8# 1-0

[Event "*** Titled Tuesday Blitz"]
[Site "Chess.com"]
[Date "2020.11.03"]
[Round "4"]
[White "KuzubovYuriy"]
[Black "Sibelephant"]
[Result "1/2-1/2"]
[WhiteElo "2830"]
[BlackElo "3086"]
[TimeControl "180+1"]
[EndTime "10:42:47 PST"]
[Termination "Game drawn by repetition"]

1. d4 Nf6 2. c4 g6 3. Nf3 Bg7 4.
g3 c6 5. Bg2 d5 6. O-O O-O 7. Qb3 a5 8. cxd5 a4 9. Qd1 cxd5 10.
Nc3 Qa5 11. Bd2 Nc6 12. e3 Bf5 13. Ne5 Qa6 14. Re1 Rfd8 15. f4 a3 16. bxa3 Qxa3 17. g4 Nxe5 18. fxe5 Bxg4 19. Qc1 Ne4 20. Qxa3 Rxa3 21.
Nxe4 dxe4 22. Bb4 Ra4 23. Bxe7 Re8 24. Bc5 f6 25. exf6 Bxf6 26. a3 Bh4 27. Rec1 Bg5 28. Rc3 Rc8 29. Rb1 Bf3 30. Bxf3 exf3 31. Kf2 Ra6 32.
Kxf3 b6 33. Bb4 Rxc3 34. Bxc3 Rxa3 35. Bd2 Ra2 36. Ke2 Bd8 37. Kd3 Ra3+ 38. Bc3 Bc7 39.
h3 Ra2 40. d5 Kf7 41. Bd4 Rh2 42. Rc1 Bd6 43. Rc6 Ke7 44. Rxb6 Rxh3 45. Rb7+ Ke8 46. Kc4 Rh5 47. e4 Rh4 48. Kd3 Rh3+ 49. Ke2 Rh4 50.
Kf3 Rh3+ 51. Kg2 Rh4 52. Kf3 Rh3+ 53. Kf2 Rh4 54. Kf3 1/2-1/2

[Event "*** Titled Tuesday Blitz"]
[Site "Chess.com"]
[Date "2020.11.03"]
[Round "4"]
[White "chenxiaoyuer"]
[Black "yobdc"]
[Result "1-0"]
[WhiteElo "2493"]
[BlackElo "2318"]
[TimeControl "180+1"]
[EndTime "10:42:48 PST"]
[Termination "chenxiaoyuer won on time"]

1. e4 c6 2. d4 d5 3. Nd2 dxe4 4. Nxe4 Bf5 5. Ng3 Bg6 6. h4 h6 7. Nf3 Nd7 8. h5 Bh7 9. Bd3 Bxd3 10. Qxd3 e6 11.
Bd2 Ngf6 12. O-O-O Qc7 13. Ne4 O-O-O 14. g3 Be7 15. Bf4 Qa5 16. Kb1 Qf5 17. Nd6+ Bxd6 18. Bxd6 Qxd3 19. cxd3 Nb6 20. Bc5 Ng4 21. Rh4 f5 22.
Rd2 Rd5 23. Re2 Re8 24. Ne5 Nxe5 25. Rxe5 Kd7 26. Kc2 Nc8 27. Rf4 b6 28. Ba3 a5 29.
Rxd5+ cxd5 30. Kd2 Na7 31. g4 Nb5 32. gxf5 exf5 33.
Rxf5 Kc6 34. Re5 Rd8 35. Ke3 Rd7 36. f4 Rf7 37. f5 Rd7 38. Bf8 Nc7 39. Kf4 Rf7 40.
Ba3 Kb5 41. Re7 Rxe7 42. Bxe7 Kc6 43. Ke5 Kd7 44. f6 gxf6+ 45. Kxf6 Nb5 46. Kf7 Nxd4 47. Bf6 Nf5 48. Kg6 Ng3 49. Kxh6 Ke6 50. Bc3 Kf7 51. Kg5 Ne2 52. h6 d4 53. Bd2 b5 54.
Kg4 Kg6 55. Kf3 Ng1+ 56. Ke4 1-0

[Event "*** Titled Tuesday Blitz"]
[Site "Chess.com"]
[Date "2020.11.03"]
[Round "4"]
[White "AlexSuv"]
[Black "BlixLT"]
[Result "0-1"]
[WhiteElo "2576"]
[BlackElo "2396"]
[TimeControl "180+1"]
[EndTime "10:42:49 PST"]
[Termination "BlixLT won by resignation"]

1. d4 d5 2. c4 Nc6 3. Nc3 Nf6 4. Nf3 dxc4 5. e4 Bg4 6. d5 Ne5 7. h3 Bxf3 8. gxf3 e6 9. Bf4 Bd6 10. dxe6 fxe6 11. Bxe5 Bxe5 12. Bxc4 Qxd1+ 13. Rxd1 Ke7 14. Rd2 Rad8 15. Kd1 Rxd2+ 16. Kxd2 Bf4+ 17. Kc2 Rd8 18. Rd1 Rxd1 19. Kxd1 c6 20. Ne2 g5 21. Kc2 Be5 22. b3 Nd7 23. Nc1 b5 24. Bf1 Kd6 25. Nd3 a6 26.
Kd2 Bf4+ 27. Kc2 c5 28. a4 Kc6 29. Nb2 Ne5 30. Be2 Kb6 31. axb5 axb5 32. Nd1 Nc6 33. Nc3 Nd4+ 34. Kb2 Kc6 35. Bd1 Bd2 36. Nb1 Bb4 37. Nc3 Bxc3+ 38. Kxc3 Kd6 39. Kd3 Ke5 40. Ke3 c4 41. bxc4 bxc4 42. Kd2 Kf4 43. Kc3 Nxf3 44. Kxc4 h5 45. Kd3 e5 46. Be2 h4 47. Bd1 Ng1 48. Bg4 Nf3 49. Kc4 Kxe4 50. Kc5 Nh2 51. Bh5 Kf4 52.
Kd5 g4 53. hxg4 h3 54. g5 Ng4 55. Bxg4 h2 56. g6 h1=Q+ 57. f3 Qh6 58. g7 Qxg7 0-1

[Event "*** Titled Tuesday Blitz"]
[Site "Chess.com"]
[Date "2020.11.03"]
[Round "4"]
[White "GP9isback23"]
[Black "GM4life"]
[Result "1-0"]
[WhiteElo "2476"]
[BlackElo "2314"]
[TimeControl "180+1"]
[EndTime "10:42:49 PST"]
[Termination "GP9isback23 won by resignation"]

1. d4 Nf6 2. Nf3 d5 3. c4 e6 4.
Nc3 Bb4 5. cxd5 exd5 6. Bg5 h6 7. Bh4 O-O 8. e3 Bf5 9. Bd3 Bxd3 10. Qxd3 c5 11.
O-O c4 12. Qc2 Nc6 13. Bxf6 gxf6 14. Qf5 Bxc3 15. bxc3 Qd6 16. Rfe1 Qe6 17. Qh5 f5 18. Nh4 Ne7 19. f3 Kh7 20. Re2 Rg8 21. f4 Rg7 22.
Nf3 Qg6 23. Qh4 Nc6 24. Rb1 b6 25. Qf2 Re8 26. g3 Qe6 27. Nh4 Qe4 28. Reb2 Qxe3 29. Qxe3 Rxe3 30. Nxf5 Rxc3 31. Nxg7 Kxg7 32. Rd2 Re3 33.
Kf2 Re4 34. Rb5 c3 35. Rd3 c2 36. Rc3 Nxd4 37. Rxd5 Re2+ 38. Kf1 Rd2 39. Rxd4 Rxd4 40.
Rxc2 Ra4 41. Kf2 Kf6 42. Kf3 h5 43. Kg2 Kg7 44. Kh3 Ra5 45. Kh4 Kh6 46. Rc6+ Kg7 47.
Rc2 Kg6 48. h3 Ra4 49. Rc6+ f6 50. Rc2 a5 51. Rb2 b5 52. Rxb5 Rxa2 53. Rxh5 a4 54. Ra5 a3 55. g4 Kf7 56. Ra6 Kg6 57. f5+ Kg7 58. Ra7+ Kh6 59. Rf7 Rh2 60. Rxf6+ Kg7 61. Ra6 a2 62. Kg5 Rxh3 63. Rxa2 Rb3 64. Ra7+ Kf8 65.
Kg6 Ke8 66. f6 Rb7 67. Rxb7 1-0

[Event "*** Titled Tuesday Blitz"]
[Site "Chess.com"]
[Date "2020.11.03"]
[Round "4"]
[White "Godzillator"]
[Black "nitpicker"]
[Result "1-0"]
[WhiteElo "2304"]
[BlackElo "2125"]
[TimeControl "180+1"]
[EndTime "10:42:49 PST"]
[Termination "Godzillator won on time"]

1. d4 Nf6 2. c4 e6 3. Nc3 Bb4 4. Qc2 c5 5. dxc5 Bxc5 6. Nf3 Qb6 7.
e3 Qc7 8. b3 a6 9. Bb2 Be7 10.
Bd3 d6 11. O-O Nbd7 12. Rac1 b6 13. Ne4 h6 14. Rfd1 Bb7 15. h3 Rc8 16. Ba3 O-O 17. Nxf6+ Nxf6 18. Nd2 Qc6 19. f3 Qc7 20. Ne4 Rfd8 21.
Nxf6+ Bxf6 22. Be4 Bxe4 23. Qxe4 Qc6 24. Qg4 Be5 25.
e4 g6 26. Qh4 Bg7 27. Qg3 Be5 28. Qf2 Rd7 29. Kh1 Rcd8 30. Re1 Qb7 31. Rcd1 b5 32. cxb5 axb5 33. Bb2 Bxb2 34. Qxb2 d5 35. exd5 Rxd5 36. Rxd5 Qxd5 37. a4 b4 38. Qc2 Qd3 39. Qb2 Qc3 40. Qxc3 bxc3 41. Rc1 Rc8 42. Rc2 Kf8 43.
Kg1 Ke7 44. Kf2 Kd6 45. Ke3 Rb8 46. Rxc3 e5 47. Kd3 f5 48. Kc2 Kd5 49. Rc7 Kd4 50.
Rc6 g5 51. Rxh6 Ke3 52. Rg6 Kf4 53. Kc3 e4 54. fxe4 fxe4 55. a5 e3 56. Re6 Rc8+ 57. Kb4 Rc2 58. a6 Ra2 59. Kb5 e2 60. b4 Kg3 61. Kb6 Kf2 62. b5 e1=Q 63. Rxe1 Kxe1 64.
Kb7 Kf2 65. b6 Kxg2 66. a7 Kxh3 67. Kb8 g4 68. b7 g3 69. a8=Q Rxa8+ 70. bxa8=Q g2 71.
Qa1 Kh2 72. Qe5+ Kh3 73. Qg5 1-0

[Event "*** Titled Tuesday Blitz"]
[Site "Chess.com"]
[Date "2020.11.03"]
[Round "4"]
[White "AleksanderHnydiuk"]
[Black "anon102030"]
[Result "0-1"]
[WhiteElo "2479"]
[BlackElo "2673"]
[TimeControl "180+1"]
[EndTime "10:42:50 PST"]
[Termination "anon102030 won on time"]

1. e4 e5 2. Nf3 Nc6 3. d4 exd4 4. Nxd4 Bc5 5. Nb3 Bb6 6. Nc3 Nf6 7. Qe2 d6 8. Be3 Be6 9. O-O-O h6 10. Kb1 O-O 11. f3 Re8 12. g4 Bxe3 13. Qxe3 a5 14. h4 Nd7 15. g5 h5 16. Nd4 Nxd4 17. Rxd4 Ne5 18. Be2 Qe7 19. Rhd1 f6 20. Rg1 f5 21.
f4 Ng4 22. Bxg4 hxg4 23. Qd3 fxe4 24. Rxe4 Qf7 25. Rge1 g6 26. Nd5 Bxd5 27. Rxe8+ Rxe8 28. Rxe8+ Qxe8 29. Qxd5+ Kf8 30. b3 g3 31. Qd4 Qe1+ 32. Kb2 g2 33. Qf6+ Ke8 34. Qxg6+ Kd7 35. Qf5+ Qe6 36.
Qb5+ Ke7 37. Qxb7 g1=Q 38. Qxc7+ Qd7 39. Qc3 Qc5 40. Qf6+ Ke8 41. g6 Qe7 42. Qh8+ Qf8 43. Qh7 Qd4+ 44. Kb1 Qd1+ 45. Kb2 Qf6+ 46. Ka3 Qc1+ 47.
Ka4 Qxc2 48. Qg8+ Ke7 49. Qh7+ Ke6 50. Qg8+ Kf5 51. Qd5+ Kxf4 52. Qxd6+ Qxd6 53. g7 Qdc6+ 54. Kxa5 Q2c3+ 0-1

[Event "*** Titled Tuesday Blitz"]
[Site "Chess.com"]
[Date "2020.11.03"]
[Round "4"]
[White "Meri-Arabidze"]
[Black "ClydeHillKid"]
[Result "1-0"]
[WhiteElo "2652"]
[BlackElo "2352"]
[TimeControl "180+1"]
[EndTime "10:42:50 PST"]
[Termination "Meri-Arabidze won by resignation"]

1. Nf3 d5 2. b3 Nf6 3. Bb2 c5 4. e3 a6 5. c4 e6 6. cxd5 exd5 7. d4 Nc6 8. Nbd2 Bg4 9. Be2 Rc8 10. O-O cxd4 11. Nxd4 Bxe2 12. Qxe2 Bd6 13. N2f3 O-O 14. Rac1 Bb8 15. Rfd1 Qd6 16. g3 h6 17. Nxc6 bxc6 18.
Qxa6 Ne4 19. Be5 Qe6 20. Bxb8 Rxb8 21. Qxc6 Qf5 22. Kg2 Rfc8 23. Qa6 Rxc1 24. Rxc1 g5 25. Qe2 g4 26. Nd4 Qh5 27. h4 gxh3+ 28. Kg1 h2+ 29.
Kg2 Qxe2 30. Nxe2 Ra8 31. a4 Rb8 32. Nd4 Rb6 33. f3 Nd2 34. Kxh2 Kg7 35. Rc2 Nf1+ 36. Kg1 Nxe3 37. Rc3 Nd1 38. Rd3 Nb2 39. Rd2 Nc4 40. bxc4 dxc4 41. a5 Ra6 42. Ra2 Kf6 43. Kf2 Ke5 44. Ne2 Kd5 45. Ke3 Kc5 46. Nc3 Kb4 47. Nd5+ Kb3 48. Ra1 c3 49. Nxc3 Kxc3 50. Kf4 Kb4 51. Kf5 Kb5 52. f4 Kb4 53. g4 Kb5 54. Ra2 Kb4 55. Ke4 Kb5 56. f5 Kb4 57. Kf4 Kb5 58.
Kg3 Kb4 59. Kh4 Kb5 60. Kh5 Kb4 61. Re2 Kxa5 62. Ra2+ Kb5 63. Rxa6 Kxa6 64. Kxh6 Kb6 65.
Kg7 Kc6 66. Kxf7 1-0

[Event "*** Titled Tuesday Blitz"]
[Site "Chess.com"]
[Date "2020.11.03"]
[Round "4"]
[White "Forantes"]
[Black "manipun1"]
[Result "1/2-1/2"]
[WhiteElo "2407"]
[BlackElo "2236"]
[TimeControl "180+1"]
[EndTime "10:42:50 PST"]
[Termination "Game drawn by stalemate"]

1. Nf3 d5 2. g3 c6 3. Bg2 g6 4. O-O Bg7 5. d4 Nf6 6. c4 O-O 7. Qb3 e6 8. Nc3 Nbd7 9. Re1 b6 10. Bf4 Bb7 11. Rad1 Re8 12. e4 dxe4 13. Nxe4 Nxe4 14. Rxe4 c5 15. d5 exd5 16. Rxe8+ Qxe8 17. cxd5 Nf6 18. Re1 Qd8 19. d6 h6 20. Be5 Qd7 21. Qc3 Nd5 22.
Qd2 Re8 23. Bxg7 Kxg7 24. Rxe8 Qxe8 25. Ne1 Qe6 26. Nd3 Bc6 27. Nf4 Nxf4 28. Bxc6 Ne2+ 29. Kg2 Nd4 30. Ba8 Qxd6 31. Qe3 Qe6 32. Qd3 h5 33. b4 Qxa2 34. bxc5 bxc5 35. Qe4 Qe6 36. Qb7 a5 37. Qc7 Qf5 38. Bb7 a4 39. Qd8 Ne6 40. Qa8 c4 41. Qxa4 Qc5 42. Qc6 Qxc6+ 43. Bxc6 c3 44.
Be4 Nd4 45. Kf1 f5 46. Ke1 Kf6 47. Bd3 Ke5 48. f4+ Kd5 49. Kd1 Kc5 50. Kc1 Nf3 51. Kc2 Kd4 52. h4 Ne1+ 53. Kd1 Nxd3 54. Kc2 Nc5 55.
g4 Ne4 56. Kd1 fxg4 57. f5 gxf5 58. Ke2 f4 59. Kf1 c2 60. Ke2 c1=Q 1/2-1/2

[Event "*** Titled Tuesday Blitz"]
[Site "Chess.com"]
[Date "2020.11.03"]
[Round "4"]
[White "Aleksandar-Topalov"]
[Black "mamonika"]
[Result "1-0"]
[WhiteElo "2378"]
[BlackElo "2003"]
[TimeControl "180+1"]
[EndTime "10:42:52 PST"]
[Termination "Aleksandar-Topalov won by checkmate"]

1. b3 d5 2. Bb2 c5 3. Nf3 Nf6 4. e3 e6 5. d4 Nc6 6. Nbd2 Be7 7.
Bd3 O-O 8. a3 Qc7 9. Ne5 Nxe5 10. dxe5 Nd7 11. f4 f5 12. O-O a6 13. g4 b5 14.
gxf5 exf5 15. c4 bxc4 16. bxc4 Nb6 17. Bc3 a5 18. Qc2 Be6 19. Rab1 dxc4 20. Nxc4 Bxc4 21. Bxc4+ Nxc4 22. Qa2 Kh8 23. Qxc4 Qc6 24. Rb5 a4 25.
e6 Ra6 26. Be5 Qxe6 27. Qxe6 Rxe6 28. Rb7 Bf6 29. Bxf6 Rexf6 30. Rc1 Rc6 31. Rc4 Ra8 32. Rxa4 Re8 33. Rc4 h6 34. Kf2 Ra8 35. Rc3 Ra4 36. Rb5 c4 37. Rxf5 Rca6 38. Rc5 Rxa3 39. Rxa3 Rxa3 40. Rxc4 Kg8 41. Kf3 Kf7 42. h4 Kf6 43.
Rc6+ Ke7 44. h5 Ra5 45. Kg4 Ra4 46. Rg6 Kf7 47. Rd6 Ra3 48. e4 Ra1 49. Kf5 Rh1 50. Rd7+ Kf8 51. Rb7 Rxh5+ 52. Kg6 Rh1 53. Rb8+ Ke7 54.
Kxg7 Ke6 55. Rb6+ Ke7 56. f5 Rg1+ 57. Kxh6 Rg4 58. Re6+ Kf7 59. Kh5 Rg1 60. Kh4 Rg2 61. Ra6 Rg1 62. e5 Re1 63. Ra7+ Kf8 64. e6 Rg1 65. f6 Rg6 66. Ra8# 1-0

[Event "*** Titled Tuesday Blitz"]
[Site "Chess.com"]
[Date "2020.11.03"]
[Round "4"]
[White "IMJonathanCarlstedt"]
[Black "Lestofante90"]
[Result "0-1"]
[WhiteElo "2523"]
[BlackElo "2756"]
[TimeControl "180+1"]
[EndTime "10:42:53 PST"]
[Termination "Lestofante90 won on time"]

1. d4 Nf6 2. Bf4 g6 3. Nc3 d5 4. e3 Bg7 5. Nb5 Na6 6. a3 O-O 7. h4 c6 8. Nc3 Nc7 9. Be2 h5 10. Nf3 Nce8 11. Be5 Nd6 12. Ng5 Bh6 13. O-O Nf5 14.
g3 Nd7 15. Bf4 Bg7 16. Bd3 Nh6 17. Nf3 Ng4 18. e4 e5 19. dxe5 d4 20. Nxd4 Ndxe5 21. Be2 Qb6 22. Na4 Qa5 23. c3 Rd8 24. b4 Qc7 25. Qb3 b6 26. Rad1 Bb7 27. f3 Nf6 28.
Nb2 Qe7 29. Nc4 Nh7 30. Nxe5 Bxe5 31. Bxe5 Qxe5 32. Kh2 c5 33. Nc2 Kg7 34. Ne3 Nf6 35. Bc4 Qe7 36. Nd5 Bxd5 37. Bxd5 Nxd5 38. exd5 Qe2+ 39.
Kg1 c4 40. Qb1 Qe3+ 41. Kg2 Qxc3 42. d6 Qf6 43. Qe4 Rac8 44. d7 Rc7 45. Rfe1 c3 46. Qe7 c2 47. Qxf6+ Kxf6 48. Rc1 Rdxd7 49. Re2 Rd3 50.
Rexc2 Rxc2+ 51. Rxc2 Rxa3 52. Rc6+ Ke7 53. Rc7+ Ke6 54.
g4 Ra4 55. b5 hxg4 56. fxg4 Rxg4+ 57. Kh3 Rb4 58. Rc6+ Kd5 59. Rc7 Rf4 60. Rxa7 Kc5 61. Kg3 Rf5 0-1